 Dungeon Crawl Stone Soup version 0.19.5 (webtiles) character file.

100 Mesmaeker13 the Firebug (level 4, -6/24 HPs)
             Began as a Deep Elf Fire Elementalist on May 1, 2017.
             Engulfed by a cloud of flame (7 damage)
             ... on level 2 of the Dungeon.
             The game lasted 00:06:31 (2278 turns).

Mesmaeker13 the Firebug (DEFE)                      Turns: 2278, Time: 00:06:32

Health: -6/24      AC:  6    Str:  6      XL:     4   Next: 47%
Magic:  6/10       EV: 16    Int: 20      God:
Gold:   91         SH:  0    Dex: 19 (20) Spells: 3 memorised, 3 levels left

rFire  . . .     SeeInvis .     i - +0 dagger
rCold  . . .     Gourm    .     a - +1 robe
rNeg   . . .     Faith    .     (no shield)
rPois  .         Spirit   .     (helmet restricted)
rElec  .         Reflect  .     (no cloak)
rCorr  .         Harm     .     f - +2 pair of gloves {Dex+3}
MR     .....                    (no boots)
Stlth  +++.......               (no amulet)
                                (no ring)
                                k - +1 ring of evasion

@: lethally poisoned (-6 -> -9), very slightly contaminated, hasted, very quick
A: horns 1, talons 1, thin skeletal structure 1, deterioration 2, sense
surroundings 1, wild magic 1
a: no special abilities


You were on level 2 of the Dungeon.
You were full.

You visited 1 branch of the dungeon, and saw 2 of its levels.

You collected 91 gold pieces.

Inventory:

Hand Weapons
 i - a +0 dagger (weapon)
Missiles
 e - 15 poisoned needles
Armour
 a - a +1 robe (worn)
 f - a +2 pair of gloves of dexterity (worn)
Jewellery
 k - a +1 ring of evasion (left hand)
Scrolls
 g - a scroll of recharging
 j - a scroll of remove curse
 o - a scroll of teleportation {unknown}
 p - a scroll of fog {unknown}
Potions
 d - a potion of haste
Books
 b - a book of Flames

   Spells                             Type                      Level
   a - Flame Tongue                   Conjuration/Fire             1
   b - Throw Flame                    Conjuration/Fire             2
   c - Conjure Flame                  Conjuration/Fire             3
   d - Inner Flame                    Hexes/Fire                   3
   e - Sticky Flame                   Conjuration/Fire             4
   f - Fireball                       Conjuration/Fire             5
Comestibles
 c - a bread ration
 n - a chunk of flesh


   Skills:
 + Level 3.9 Dodging
 - Level 2.4 Stealth
 - Level 3.0 Spellcasting
 + Level 2.8 Conjurations
 + Level 4.2 Fire Magic


You had 3 spell levels left.
You knew the following spells:

 Your Spells              Type           Power        Failure   Level  Hunger
a - Flame Tongue          Conj/Fire      ###..        6%          1    None
b - Throw Flame           Conj/Fire      ###...       10%         2    ##.....
c - Conjure Flame         Conj/Fire      ###.....     17%         3    ###....


Dungeon Overview and Level Annotations

Branches:
Dungeon (2/15)

Altars:


Innate Abilities, Weirdness & Mutations

You have a pair of small horns on your head.
You have sharp toenails.
You have a somewhat thin skeletal structure. (Dex +2, Stealth)
Your body often deteriorates upon taking damage.
You passively map a small area around you.
Your spells are a little harder to cast, but a little more powerful.


Message History

Confirm with . or Enter, or press ? or * to list all spells.
Aiming: Flame Tongue
Press: ? - help, Shift-Dir - straight line, f/p - Crazy Yiuf
Aim: Crazy Yiuf, wielding a quarterstaff of chaos, wearing a cloak and carrying a wand of polymorph {zapped: 8} (severely wounded, inner flame)
The flame tongue hits Crazy Yiuf.
Crazy Yiuf is almost dead.
Casting: Flame Tongue
Confirm with . or Enter, or press ? or * to list all spells.
Aiming: Flame Tongue
Press: ? - help, Shift-Dir - straight line, f/p - Crazy Yiuf
Aim: Crazy Yiuf, wielding a quarterstaff of chaos, wearing a cloak and carrying a wand of polymorph {zapped: 8} (almost dead, inner flame)
The flame tongue hits Crazy Yiuf.
Crazy Yiuf explodes!
The fiery explosion engulfs you!
Ouch! That really hurt!
* * * LOW HITPOINT WARNING * * *
Your body deteriorates!
You feel clumsy.
You feel your intelligence returning.
You are engulfed in roaring flames.
You die...

.........#########..=............
.................#####...........
........########.# ##..(.......
........# #.# ###..........
........# #.####............
........# ###....'...>########
)..###### #...####...## ...#
#...# #...# ...#
#########..@####...######### ...#
#......(...§§............... ...#
#..........§####...######### ...#
#...........# #...# ####
#.......^...# #...# #
#...........# #...#########
#...........# #............
#.........### #............
######.(.......# ###..........


There were no monsters in sight!

Vanquished Creatures
  Crazy Yiuf (D:2)
  2 adders (D:2)
  A worm (D:2)
  A dart slug (D:2)
  2 leopard geckos
  A ball python (D:2)
  5 bats
  3 giant cockroaches
  5 goblins (D:1)
  6 hobgoblins
  5 jackals (D:2)
  5 kobolds
  A quokka (D:2)
  4 frilled lizards
  3 rats (D:1)
45 creatures vanquished.

Notes
Turn   | Place    | Note
-------+----------+-------------------------------------------
     0 | D:1      | Mesmaeker13 the Deep Elf Fire Elementalist began the quest for the Orb.
     0 | D:1      | Reached XP level 1. HP: 10/10 MP: 6/6
   322 | D:1      | Reached XP level 2. HP: 15/15 MP: 6/8
   887 | D:2      | Reached XP level 3. HP: 15/19 MP: 4/9
  1097 | D:2      | Learned a level 2 spell: Throw Flame
  1203 | D:2      | Reached skill level 4 in Fire Magic
  1210 | D:2      | Gained mutation: Your body sometimes deteriorates upon taking damage. [potion of mutation]
  1210 | D:2      | Gained mutation: Your spells are a little harder to cast, but a little more powerful. [potion of mutation]
  1210 | D:2      | Gained mutation: Your body often deteriorates upon taking damage. [potion of mutation]
  1212 | D:2      | Gained mutation: You have a somewhat thin skeletal structure. (Dex +2, Stealth) [potion of beneficial mutation]
  1859 | D:2      | Reached XP level 4. HP: 24/24 MP: 7/10
  1885 | D:2      | Found a runed door.
  1890 | D:2      | Learned a level 3 spell: Conjure Flame
  1894 | D:2      | Noticed Crazy Yiuf
  2258 | D:2      | Gained mutation: You have sharp toenails. [potion of mutation]
  2258 | D:2      | Gained mutation: You have a pair of small horns on your head. [potion of mutation]
  2258 | D:2      | Gained mutation: You passively map a small area around you. [potion of mutation]
  2278 | D:2      | Killed Crazy Yiuf
  2278 | D:2      | HP: 1/24 [Crazy Yiuf/exploding inner flame[the player character] (15)]
  2278 | D:2      | Engulfed by a cloud of flame

Skill      XL: |  1  2  3 |
---------------+----------+-----
Dodging        | 3 |  3.9
Conjurations   | 2 |  2.8
Fire Magic     | 4 |  4.2
Stealth        | |  2.4
Spellcasting   | |  3.0

Action                   |  1- 3 |  4- 6 || total
-------------------------+-------+-------++-------
Melee: Dagger            |     2 |    13 ||    15
 Cast: Flame Tongue      |    66 |    13 ||    79
       Throw Flame       |     3 |     1 ||     4
       Conjure Flame     |       |     1 ||     1
  Use: Potion            |     4 |     1 ||     5
       Scroll            |     2 |     2 ||     4
 Stab: Sleeping          |     1 |       ||     1
  Eat: Meat ration       |     1 |       ||     1
       Bread ration      |     1 |       ||     1
       Chunk             |     1 |       ||     1
Armor: Robe              |     3 |     2 ||     5
       Skin              |       |     7 ||     7
Dodge: Dodged            |    16 |     6 ||    22
